woodfighter, neutral female human Tourist ------ +..... |@.<.| af...| |..... ^ +....| ------ woodfighter the Sightseer Experience level: 4 Strength: 9 Dexterity: 13 Constitution: 14 Intelligence: 12 Wisdom: 10 Charisma: 16 Health: 0(26) Energy: 14(14) Def: 0 Gold: 1863 Moves: 2018 Dungeon seed: IJ1SeQv-AwtVD_U6 Game ID: woodfighter_1528976021 Your Inventory: Coins $ - 1863 gold pieces Amulets R - an uncursed amulet of ESP Weapons a - 35 +2 darts (in quiver) p - a blessed +5 orcish dagger named Dagger of Carnage (weapon in hand) Armor e - an uncursed +0 Hawaiian shirt (being worn) q - an uncursed +0 leather cloak r - an uncursed +0 pair of kicking boots z - an uncursed +0 dwarvish cloak N - an uncursed +0 dwarvish iron helm Comestibles b - 3 uncursed food rations c - an uncursed pear d - 7 uncursed tripe rations g - an uncursed cram ration Scrolls j - 4 uncursed scrolls of magic mapping A - an uncursed scroll of scare monster G - an uncursed scroll of light Spellbooks B - an uncursed spellbook of sleep Z - an uncursed spellbook of detect monsters Potions i - 2 uncursed potions of extra healing F - an uncursed potion of water O - an uncursed potion of blindness S - an uncursed potion of invisibility U - an uncursed potion of gain energy Rings T - an uncursed ring of free action Wands m - a wand of secret door detection (0:13) t - a wand of speed monster (0:4) u - a wand of enlightenment (0:11) Q - a wand of enlightenment (0:15) Tools f - an uncursed towel k - an expensive camera (0:70) n - an uncursed tin opener y - an uncursed credit card Spells and supernatural/magical abilities: Name Level Category Fail Memory W - pray for help -- divine ? -- Your skills at the end: Miscellaneous Skills wands [Basic] Weapon Skills dart [Basic] Spellcasting Skills Final Attributes: You were devoutly aligned. You are dead. Vanquished creatures: a puppy a floating eye a dwarf a giant bat a werejackal a hobbit 2 geckos 3 giant rats a cave spider 2 green molds a gnome zombie 8 jackals 2 foxes a newt 5 goblins 2 sewer rats 2 grid bugs 2 lichens 37 creatures vanquished. Voluntary challenges: You were vegetarian. You did not adorn yourself with jewelry or accessories. You did not cause conflict. You were not invisible. You did not have reflection. You were not displaced. You were an atheist. You used a wielded weapon 1 time, starting on turn 472. You did not apply a unicorn horn. You did not use plumbed fixtures. You did not drink any magical draughts. You read items or engraved 1 time, starting on turn 906. You never genocided any monsters. You never polymorphed an object. You never changed form. You used no wishes. You never split a pudding. You never wrote Elbereth's name. You never violated your personal moral code. Dungeon overview: The Dungeons of Doom: levels 1 to 6 Level 1 a fountain a long staircase Level 2 Level 3 a fountain Level 4 a fountain stairs to The Gnomish Mines Level 5 a fountain, a sink Level 6 <- You were here The Gnomish Mines: Level 5 stairs to The Dungeons of Doom History has recorded: On T:1 you entered the Dungeons of Doom to retrieve the Amulet of Yendor! On T:198 you reached level 2 of The Dungeons of Doom. On T:588 you advanced to experience level 2. On T:597 you reached level 3 of The Dungeons of Doom. On T:850 you advanced to experience level 3. On T:1033 you reached level 4 of The Dungeons of Doom. On T:1188 you reached level 5 of The Dungeons of Doom. On T:1351 you reached level 1 of The Gnomish Mines. On T:1664 you advanced to experience level 4. On T:1668 you reached level 6 of The Dungeons of Doom. Score breakdown: Gold: 1046 ( 104 points) Experience: 4 levels ( 300 points) Exploration: 6 levels ( 150 points) Discoveries: 16 items ( 800 points) Variety of kills: 18 monsters ( 900 points) Major goal: (nothing yet) ( 0 points) Survival: died (score multiplied by 3) Total score: 6762 Latest messages: a - 3 +2 darts (in quiver). You displace kitty. $ - 183 gold pieces. Nowhere else around here can be automatically explored. Where do you want to travel to? Kaablamm! You hear an explosion in the distance! The puppy bites! You kill the puppy! a - a +2 dart (in quiver). You see here a dark green spellbook. Z - a dark green spellbook. You stop exploring. The killer bee stings! The dart hits the killer bee. Kitty misses the killer bee. The killer bee stings! The killer bee's sting was poisoned! Your movements are slowed slightly because of your load. You feel weaker! The killer bee stings! Kitty misses the killer bee. The killer bee stings! The killer bee's sting was poisoned! You die... Final status: Aloha woodfighter the Tourist, poisoned by a killer bee... You died in The Dungeons of Doom on dungeon level 6 with 6762 points, and 1863 pieces of gold, after 2018 moves. You were level 4 with a maximum of 26 hit points when you died.